Map: Orbital Shipyard

Players

HeavyFresh - Winner!

  • Race: Terran Terran
  • League: Master

Jakamakala

  • Race: Terran Terran
  • League: Grandmaster

VOD

Have the link to the VOD?

Description

Time

  • Played on: Dec. 31, 2015, 5:50 p.m.
  • Length: 12:05
Show
View Real Time Build Order
Export as new Build Order

HeavyFresh Terran - Winner!

Build Orders: Reaper Expand, Bio Tank 

Get SALT Encoding   

  12  0:00  SCV  
  13  0:13  SCV  
  14  0:18  Supply Depot  
  14  0:25  SCV  
  15  0:39  SCV  
  15  0:41  Barracks  
  16  0:46  Refinery  
  16  0:52  SCV  
  17  1:04  SCV  
  18  1:16  SCV  
  19  1:31  Orbital Command  
  19  1:33  Reaper  
  20  1:48  Command Center  
  20  1:59  SCV  
  21  2:02  Supply Depot  
  21  2:08  Barracks Reactor  
  20  2:11  SCV  
  21  2:23  SCV  
  21  2:27  Factory  
  22  2:35  SCV  
  23  2:38  Engineering Bay  
  23  2:40  Refinery  
  23  2:44  Marine x2  
  23  2:47  SCV  
  26  2:59  SCV  
  26  3:00  Orbital Command  
  26  3:01  Marine  
  26  3:02  Marine  
  29  3:11  SCV  
  30  3:12  Factory Tech Lab  
  30  3:19  Marine x2  
  31  3:26  SCV  
  33  3:28  SCV  
  34  3:37  Marine x2  
  34  3:38  Missile Turret  
  34  3:40  Missile Turret  
  36  3:44  SCV  
  37  3:54  Cyclone  
  40  3:58  Supply Depot  
  40  4:01  SCV  
  40  4:02  SCV  
  42  4:13  SCV, Marine  
  42  4:14  SCV  
  42  4:16  Marine  
  46  4:25  SCV, Starport  
  46  4:26  SCV  
  48  4:37  SCV  
  48  4:38  SCV  
  49  4:45  Marine x2  
  49  4:47  Siege Tank  
  49  4:50  SCV  
  54  4:54  Supply Depot  
  54  4:55  SCV  
  54  5:07  Supply Depot  
  54  5:09  SCV  
  54  5:12  SCV  
  54  5:15  Medivac, Marine x2  
  58  5:21  SCV  
  58  5:24  SCV  
  58  5:26  Terran Infantry Weapons Level 1, Supply Depot  
  60  5:33  SCV  
  61  5:36  SCV  
  61  5:37  Refinery x2  
  62  5:44  Barracks  
  62  5:46  SCV, Barracks  
  62  5:48  SCV  
  62  5:49  Factory Tech Lab  
  64  5:58  SCV  
  64  6:02  SCV  
  65  6:08  Medivac  
  65  6:09  Siege Tank  
  65  6:10  SCV  
  71  6:14  SCV  
  71  6:16  Marine  
  71  6:17  Marine  
  74  6:22  SCV  
  75  6:26  Engineering Bay  
  75  6:27  Command Center, SCV, Armory  
  76  6:33  Barracks Reactor, Marauder  
  76  6:35  Stimpack  
  78  6:41  Barracks  
  78  6:42  Barracks  
  78  7:02  Supply Depot x2  
  78  7:03  Supply Depot  
  78  7:07  Command Center  
  78  7:15  SCV x2  
  78  7:24  Marine x3  
  78  7:26  Marine x2  
  78  7:27  SCV x2  
  78  7:28  Siege Tank  
  78  7:29  Medivac  
  87  7:33  Barracks Reactor x2  
  87  7:39  SCV x2  
  87  7:42  Marine  
  87  7:44  Marine x2  
  90  7:48  Supply Depot  
  90  7:49  Supply Depot  
  90  7:51  SCV x2  
  90  7:56  Barracks Reactor  
  90  8:09  Supply Depot  
  90  8:10  SCV x2, Siege Tank, Marine x3  
  98  8:16  Viking  
  100  8:22  SCV x2  
  100  8:24  Marine x2  
  104  8:28  Marine  
  104  8:32  Marine x2  
  104  8:33  Marine x4  
  111  8:34  SCV x2  
  111  8:35  Combat Shields  
  113  8:42  Siege Tank, Orbital Command  
  113  8:46  SCV, Medivac  
  113  8:47  SCV  
  120  8:50  Marine x2  
  120  8:51  Marine x3  
  125  8:57  Orbital Command  
  125  9:07  SCV x2  
  127  9:16  Terran Infantry Weapons Level 2  
  127  9:17  Terran Infantry Armor Level 1, Terran Vehicle Weapons Level 1  
  127  9:22  SCV x2, Refinery  
  129  9:26  Marine x3  
  129  9:27  Refinery, Marine  
  129  9:28  Marine x2  
  129  9:29  Marine  
  131  9:39  Siege Tank  
  116  9:47  Marine x5  
  116  9:48  Marine x2  
  122  9:55  Marine x2  
  106  10:05  Marine x5  
  103  10:11  Siege Tank  
  103  10:12  Starport Reactor  
  106  10:16  Command Center, SCV  
  106  10:17  SCV  
  106  10:20  Supply Depot  
  108  10:22  Supply Depot x2  
  108  10:28  Factory  
  108  10:30  Marine x4  
  108  10:31  Marine x4  
  108  10:33  SCV  
  117  10:44  Marine  
  117  10:48  Marine x2  
  120  10:52  Siege Tank  
  123  10:59  Marine x4  
  123  11:00  Marine x2  
  123  11:01  Medivac  
  123  11:02  Medivac  
  133  11:08  Marine x3  
  136  11:14  Barracks  
  136  11:15  Factory Tech Lab, Barracks  
  136  11:17  Marine x2  
  136  11:18  Marine x4  
  141  11:24  Siege Tank  
  145  11:26  Marine x3  
  145  11:31  Medivac  
  145  11:32  Medivac  
  152  11:33  Orbital Command  
  152  11:35  Marine x4  
  156  11:46  Marine x4  
Show
View Real Time Build Order
Export as new Build Order

Jakamakala Terran 

Build Orders: 1/1/1, MMM Bio, Banshee Rush 

Get SALT Encoding   

  12  0:01  SCV  
  13  0:13  SCV  
  14  0:18  Supply Depot  
  14  0:25  SCV  
  15  0:29  Refinery  
  15  0:39  SCV  
  16  0:44  Barracks  
  16  0:51  SCV  
  16  0:54  Refinery  
  17  1:03  SCV  
  18  1:15  SCV  
  19  1:31  Orbital Command  
  19  1:32  Reaper  
  20  1:35  Factory  
  20  1:44  Supply Depot  
  20  2:04  Reaper  
  21  2:11  SCV  
  22  2:21  Hellion, Starport  
  24  2:23  SCV  
  25  2:30  Supply Depot  
  25  2:36  Barracks Tech Lab  
  25  2:38  SCV  
  25  2:42  Hellion  
  28  2:51  SCV  
  29  3:03  SCV, Supply Depot  
  29  3:04  Barracks Reactor  
  30  3:06  Factory Tech Lab, Cloaking Field, Banshee  
  34  3:27  SCV  
  34  3:28  Cyclone  
  36  3:39  SCV  
  37  3:42  Marine x2  
  39  3:54  Command Center  
  41  4:05  Raven  
  41  4:10  Supply Depot  
  41  4:21  Marine x2  
  43  4:25  SCV  
  43  4:27  Engineering Bay  
  43  4:28  Siege Tank  
  47  4:37  SCV  
  48  4:39  Marine x2  
  50  4:47  Supply Depot  
  50  4:49  SCV  
  51  4:58  Medivac  
  53  5:01  SCV  
  53  5:06  Orbital Command  
  54  5:13  SCV  
  55  5:17  Siege Tank, Marine  
  55  5:18  Marine  
  57  5:25  SCV  
  57  5:27  Command Center  
  58  5:33  SCV  
  59  5:43  SCV  
  59  5:45  Viking  
  59  5:47  Stimpack, Marine  
  59  5:48  SCV  
  64  6:01  Barracks x2  
  64  6:02  Terran Infantry Weapons Level 1  
  64  6:05  SCV  
  64  6:07  SCV  
  66  6:17  SCV  
  67  6:20  SCV, Marine  
  69  6:29  SCV  
  69  6:32  SCV, Siege Tank  
  74  6:36  Supply Depot, Refinery  
  74  6:37  Refinery  
  74  6:41  SCV  
  74  6:44  SCV  
  76  6:47  Marauder  
  74  6:55  Marine x2  
  74  7:01  Marine  
  75  7:02  Orbital Command  
  75  7:08  Marine  
  74  7:13  Marine x2  
  77  7:19  Marine  
  78  7:25  Siege Tank  
  78  7:26  Marine  
  82  7:31  Marine x2  
  82  7:33  Medivac  
  82  7:34  Orbital Command  
  82  7:36  SCV, Marine  
  88  7:44  Marauder  
  88  7:51  Combat Shields  
  90  7:53  SCV x2  
  92  7:59  Marine  
  92  8:00  Barracks Reactor  
  93  8:17  Supply Depot, SCV x3, Marine x3  
  99  8:24  Orbital Command  
  99  8:32  Terran Infantry Armor Level 1  
  99  8:35  Refinery  
  99  8:36  Supply Depot, Refinery  
  99  8:38  Marine x3  
  99  8:39  Missile Turret x2  
  99  8:40  Marauder  
  104  8:57  SCV  
  104  9:00  Supply Depot  
  104  9:01  Marauder  
  104  9:02  Engineering Bay  
  107  9:03  SCV x2  
  107  9:04  Armory  
  106  9:20  Marine x3  
  109  9:25  Starport Reactor  
  109  9:26  Barracks  
  109  9:27  Barracks  
  109  9:31  Marine x2  
  107  9:32  Siege Tank  
  107  9:38  Marine x2  
  97  9:49  Marauder  
  98  9:57  Marine x3  
  76  10:05  Marine  
  65  10:11  Marauder  
  65  10:13  SCV  
  66  10:15  Siege Tank, Marine  
  66  10:18  Barracks Reactor  
  66  10:21  Barracks Reactor  
  70  10:23  SCV x2  
  70  10:25  SCV, Marine x2  
  75  10:32  Marauder  
  75  10:33  Marine x2  
  79  10:38  Medivac  
  79  10:39  Medivac  
  83  10:43  Marine  
  83  10:46  Marine  
  83  10:49  Sensor Tower  
  85  10:50  Refinery, Marine  
  85  10:51  SCV x3  
  85  10:53  Refinery, Marauder  
  85  10:55  Marine  
  85  10:56  Marine x2  
  85  10:57  Siege Tank  
  97  11:01  Marine  
  97  11:03  SCV  
  98  11:07  Marine  
  98  11:08  Marine x3  
  98  11:09  Medivac  
  98  11:10  Medivac  
  106  11:12  Supply Depot  
  106  11:13  Marine  
  106  11:14  Supply Depot x2  
  106  11:15  Marauder  
  106  11:16  SCV x2  
  111  11:18  Marine x2  
  113  11:27  Marine x5  
  113  11:28  Command Center, Missile Turret x2  
  118  11:36  Marauder  
  120  11:43  Marine x2  
  120  11:46  Marine  
Tags
 
Add a new tag
Caveats
  • Supply blocks, unpowered buildings, or Contaminate may cause inaccurate times.
  • Supply counts are checked every 10 seconds.